[Event "*** Titled Tuesday Blitz"]
[Site "Chess.com"]
[Date "2020.04.21"]
[Round "2"]
[White "Triumphmate"]
[Black "amintabatabaei"]
[Result "0-1"]
[WhiteElo "2574"]
[BlackElo "2832"]
[TimeControl "180+1"]
[EndTime "10:13:29 PDT"]
[Termination "amintabatabaei won by resignation"]

1. e4 c5 2. Nf3 d6 3. d4 cxd4 4.
Nxd4 Nf6 5. Nc3 Nc6 6. f4 g6 7.
Nf3 Bg7 8. Bd3 O-O 9. O-O Bg4 10. Qe1 Nb4 11. a3 Nxd3 12. cxd3 Rc8 13. Bd2 Qb6+ 14. Kh1 Qxb2 15. Rb1 Qc2 16. Qe3 Rxc3 17. Rfc1 Qxd3 0-1

[Event "*** Titled Tuesday Blitz"]
[Site "Chess.com"]
[Date "2020.04.21"]
[Round "2"]
[White "mitraasz"]
[Black "Glidzhian_Gor"]
[Result "0-1"]
[WhiteElo "2210"]
[BlackElo "2441"]
[TimeControl "180+1"]
[EndTime "10:13:30 PDT"]
[Termination "Glidzhian_Gor won by resignation"]

1. d4 Nf6 2. Nf3 e6 3. e3 b6 4. Bd3 Bb7 5. O-O Be7 6. c4 O-O 7. Nc3 c5 8. d5 exd5 9. cxd5 d6 10. e4 Re8 11. h3 Bf8 12. Bf4 Nbd7 13. Bh2 Ne5 14.
Nxe5 dxe5 15. f4 Nd7 16. f5 a6 17. g4 b5 18. Kh1 c4 19. Bc2 b4 20. Ne2 Nc5 21. Rg1 b3 22. axb3 cxb3 23. Bb1 a5 24. g5 a4 25. g6 fxg6 26. fxg6 h6 27. Qf1 Qd7 28. Nc3 Bd6 29. Nb5 Rf8 30. Qe2 Ba6 0-1

[Event "*** Titled Tuesday Blitz"]
[Site "Chess.com"]
[Date "2020.04.21"]
[Round "2"]
[White "vladimirdamjanovic"]
[Black "Chessdemon2019"]
[Result "1-0"]
[WhiteElo "2627"]
[BlackElo "2151"]
[TimeControl "180+1"]
[EndTime "10:13:35 PDT"]
[Termination "vladimirdamjanovic won by checkmate"]

1. d4 Nf6 2. c4 e6 3. Nc3 Bb4 4. f3 b6 5. e4 Bxc3+ 6. bxc3 d6 7. Bd3 c5 8. Ne2 Nc6 9. O-O O-O 10. Be3 e5 11. d5 Na5 12. Ng3 Ba6 13. Qe2 Qd7 14. Nf5 g6 15. Nh6+ Kg7 16. f4 exf4 17. Rxf4 Nh5 18. Rh4 Rae8 19. Rf1 Re5 20. g4 Nf6 21. g5 Nh5 22. Rxh5 gxh5 23. Nf5+ Kh8 24. Qxh5 Bxc4 25. Qh6 f6 26. Qxf8# 1-0

[Event "*** Titled Tuesday Blitz"]
[Site "Chess.com"]
[Date "2020.04.21"]
[Round "2"]
[White "Vamostodorecto"]
[Black "svilson23"]
[Result "1-0"]
[WhiteElo "2477"]
[BlackElo "2257"]
[TimeControl "180+1"]
[EndTime "10:13:42 PDT"]
[Termination "Vamostodorecto won by resignation"]

1. d4 d5 2. c4 e6 3. Nc3 f5 4. cxd5 exd5 5. e4 dxe4 6. Bc4 Nf6 7. Qb3 Qe7 8. Nh3 Nc6 9. Ng5 Na5 10. Qb5+ Nc6 11. d5 a6 12. Qa4 b5 13. Bxb5 axb5 14. Qxa8 1-0

[Event "*** Titled Tuesday Blitz"]
[Site "Chess.com"]
[Date "2020.04.21"]
[Round "2"]
[White "Rud_Makarian"]
[Black "mamonika"]
[Result "1-0"]
[WhiteElo "2621"]
[BlackElo "1979"]
[TimeControl "180+1"]
[EndTime "10:13:43 PDT"]
[Termination "Rud_Makarian won by resignation"]

1. d4 d5 2. c4 e6 3. Nc3 Nf6 4. cxd5 exd5 5. Bg5 c6 6. e3 Be7 7. Qc2 O-O 8. Bd3 Nbd7 9. Nge2 Re8 10. O-O Nf8 11.
f3 Ng6 12. e4 dxe4 13. fxe4 Bg4 14. e5 Nd5 15. Bxe7 Rxe7 16. Qd2 Nxc3 17. bxc3 Be6 18. Nf4 1-0

[Event "*** Titled Tuesday Blitz"]
[Site "Chess.com"]
[Date "2020.04.21"]
[Round "2"]
[White "Keaton87"]
[Black "kingnb"]
[Result "1-0"]
[WhiteElo "2678"]
[BlackElo "2441"]
[TimeControl "180+1"]
[EndTime "10:13:44 PDT"]
[Termination "Keaton87 won by resignation"]

1. d4 d6 2. e4 Nf6 3. Nc3 g6 4. f4 Bg7 5. Nf3 c5 6. dxc5 Qa5 7. Bd3 Qxc5 8. Qe2 Nc6 9. Be3 Qa5 10. O-O O-O 11.
a3 Bg4 12. h3 Bxf3 13. Qxf3 Rfc8 14. b4 Qd8 15. Rad1 Qe8 16. Nd5 Nxd5 17. exd5 Nb8 18. c4 Nd7 19. Kh1 a5 20. Qf2 axb4 21. axb4 Ra4 22. Qd2 Rca8 23. Rc1 b6 24. Rc2 Qb8 25.
Be2 Ra2 26. Rxa2 1-0

[Event "*** Titled Tuesday Blitz"]
[Site "Chess.com"]
[Date "2020.04.21"]
[Round "2"]
[White "Yaacovn"]
[Black "fm_magua"]
[Result "1-0"]
[WhiteElo "2818"]
[BlackElo "2563"]
[TimeControl "180+1"]
[EndTime "10:13:47 PDT"]
[Termination "Yaacovn won by resignation"]

1. d4 Nf6 2. Nf3 g6 3. e3 Bg7 4. Be2 d6 5. O-O O-O 6. b3 c5 7. Bb2 cxd4 8. Nxd4 Nc6 9. c4 Nxd4 10. Bxd4 b6 11.
Bf3 Rb8 12. Qd2 Bb7 13. Bxb7 Rxb7 14. Rd1 Rd7 15. Qb2 d5 16. cxd5 Rxd5 17. Nc3 Rd7 18.
h3 Re8 19. Be5 Rxd1+ 20. Rxd1 Qc8 21. Nd5 Nxd5 22. Bxg7 Qe6 23. Bh6 f6 24. Qd4 Nc7 25. Qd7 Rc8 26. Qxc7 1-0

[Event "*** Titled Tuesday Blitz"]
[Site "Chess.com"]
[Date "2020.04.21"]
[Round "2"]
[White "isla88"]
[Black "bait_or_mate"]
[Result "1-0"]
[WhiteElo "2299"]
[BlackElo "2527"]
[TimeControl "180+1"]
[EndTime "10:13:52 PDT"]
[Termination "isla88 won by resignation"]

1. c4 e5 2. Nc3 Nc6 3. Nf3 g6 4. d4 exd4 5. Nd5 Bg7 6. Bg5 f6 7. Bf4 d6 8. Nxd4 Nge7 9. Nb5 Nxd5 10. cxd5 Nb8 11. Rc1 Na6 12. e3 O-O 13. Bd3 Bd7 14. O-O Bxb5 15. Bxb5 Nc5 16. b4 Nd7 17. Qc2 Rc8 18. Qa4 Nb6 19. Qxa7 Nxd5 20. Bc4 1-0

[Event "*** Titled Tuesday Blitz"]
[Site "Chess.com"]
[Date "2020.04.21"]
[Round "2"]
[White "kpio91"]
[Black "Yuri202062"]
[Result "1-0"]
[WhiteElo "2786"]
[BlackElo "2528"]
[TimeControl "180+1"]
[EndTime "10:14:01 PDT"]
[Termination "kpio91 won by resignation"]

1. Nf3 d5 2. c4 e6 3. d4 Nf6 4. Nc3 dxc4 5. e4 Bb4 6. Bxc4 Nxe4 7. O-O Nxc3 8. bxc3 Be7 9. Re1 O-O 10. Ne5 Nc6 11. Bf4 Nxe5 12. Bxe5 Bf6 13. Qh5 Bd7 14. Re3 Bxe5 15. dxe5 Bc6 16. Bd3 h6 17. Rg3 Kh8 18. Re1 Qe7 19. Ree3 Rad8 20. Rxg7 1-0

[Event "*** Titled Tuesday Blitz"]
[Site "Chess.com"]
[Date "2020.04.21"]
[Round "2"]
[White "Quiet_Desperation"]
[Black "emperor87"]
[Result "0-1"]
[WhiteElo "1948"]
[BlackElo "2619"]
[TimeControl "180+1"]
[EndTime "10:14:01 PDT"]
[Termination "emperor87 won by resignation"]

1. e4 c5 2. Nf3 e6 3. d4 cxd4 4. Nxd4 a6 5. Nc3 Nc6 6. Be3 d6 7. Nb3 Nf6 8. Bd3 Be7 9. O-O O-O 10. f4 b5 11. a3 Bb7 12. Kh1 Rc8 13. Rf3 e5 14. Rh3 exf4 15. Bxf4 Ne5 16. Nd5 Nxd5 17.
exd5 g6 18. Bh6 Re8 19. Qd2 Bf6 20. Rf1 Qe7 21. Be2 Bh8 22. Nd4 Bxd5 23. Nf5 Qe6 24. Qg5 Rxc2 25. Nd4 Qxh3 0-1

[Event "*** Titled Tuesday Blitz"]
[Site "Chess.com"]
[Date "2020.04.21"]
[Round "2"]
[White "Charlottemillard17"]
[Black "Firehand33"]
[Result "0-1"]
[WhiteElo "1385"]
[BlackElo "2616"]
[TimeControl "180+1"]
[EndTime "10:14:02 PDT"]
[Termination "Firehand33 won by checkmate"]

1. e4 d6 2. d4 Nf6 3. Nc3 e5 4. d5 Nbd7 5. Nf3 Nc5 6. Bg5 h6 7. Bxf6 Qxf6 8. Be2 g6 9. a3 Bg7 10. b4 Nd7 11. Nb5 Qd8 12. O-O a6 13. Nc3 O-O 14. Nd2 f5 15. f4 exf4 16. Rxf4 Bxc3 17. Rb1 Qg5 18. g3 Bxd2 19. Qxd2 Ne5 20. Rbf1 Bd7 21. Qe3 fxe4 22. Rf5 Qxe3+ 23. Kh1 Rxf5 24. Rxf5 Bxf5 25. Bf1 Nf3 26. h4 Qg1# 0-1

[Event "*** Titled Tuesday Blitz"]
[Site "Chess.com"]
[Date "2020.04.21"]
[Round "2"]
[White "Saloni1299"]
[Black "EmmaChess"]
[Result "0-1"]
[WhiteElo "2303"]
[BlackElo "2588"]
[TimeControl "180+1"]
[EndTime "10:14:06 PDT"]
[Termination "EmmaChess won by checkmate"]

1. e4 b6 2. Nf3 Bb7 3. Nc3 g6 4. d4 Bg7 5. Bd3 d6 6. O-O e6 7. Ne2 Ne7 8. c3 O-O 9. Be3 c5 10. Qd2 Nbc6 11. Bh6 Rc8 12. h4 e5 13. d5 Nb8 14. h5 Nd7 15. hxg6 hxg6 16. g3 Nf6 17. Kg2 Nexd5 18. exd5 e4 19. Bxg7 exf3+ 20. Kxf3 Bxd5+ 21. Kf4 Nh5+ 22. Kg4 Qd7+ 23. Kh4 Kxg7 24. g4 Rh8 25. Bxg6 Nf6+ 26. Kg3 Qxg4# 0-1

[Event "*** Titled Tuesday Blitz"]
[Site "Chess.com"]
[Date "2020.04.21"]
[Round "2"]
[White "JulAnt"]
[Black "Camels1981"]
[Result "1-0"]
[WhiteElo "2497"]
[BlackElo "2046"]
[TimeControl "180+1"]
[EndTime "10:14:09 PDT"]
[Termination "JulAnt won by resignation"]

1. e4 e5 2. Nf3 Nc6 3. Bb5 a6 4.
Ba4 Nf6 5. O-O b5 6. Bb3 Be7 7.
Re1 O-O 8. c3 d6 9. h3 Na5 10.
Bc2 d5 11. d4 Nxe4 12. Nxe5 Bd6 13. Nd2 Bxe5 14. dxe5 Nxd2 15. Bxd2 Nc4 16. Bf4 Nxb2 17. Bxh7+ Kxh7 18. Qc2+ g6 19. Qxb2 Bf5 20. Rad1 Qh4 21. Qd2 c6 22. Bg5 Qc4 23. Bf6 Rh8 24. Qg5 Kg8 25.
Bxh8 Kxh8 26. Rd4 1-0

[Event "*** Titled Tuesday Blitz"]
[Site "Chess.com"]
[Date "2020.04.21"]
[Round "2"]
[White "juniortay"]
[Black "Pavalamalli"]
[Result "1-0"]
[WhiteElo "2403"]
[BlackElo "2110"]
[TimeControl "180+1"]
[EndTime "10:14:09 PDT"]
[Termination "juniortay won by resignation"]

1. e4 c5 2. Nf3 e6 3. d4 cxd4 4. Bg5 Be7 5. Bxe7 Nxe7 6. Qxd4 O-O 7. Nc3 Nbc6 8. Qd6 a6 9. O-O-O b5 10. a3 Ra7 11. Be2 Qb6 12. Rhf1 Rc7 13. Kb1 Bb7 14. Ne5 Bc8 15. f4 b4 16. axb4 Qxb4 17. Qxc7 Nxe5 18. fxe5 Nc6 19. Qd6 Qb6 20. Na4 Qa5 21. b3 Nxe5 22. Qc5 1-0

[Event "*** Titled Tuesday Blitz"]
[Site "Chess.com"]
[Date "2020.04.21"]
[Round "2"]
[White "gmelviro"]
[Black "Dinamo81"]
[Result "0-1"]
[WhiteElo "2134"]
[BlackElo "2624"]
[TimeControl "180+1"]
[EndTime "10:14:14 PDT"]
[Termination "Dinamo81 won by resignation"]

1. c4 e6 2. g3 d5 3. Bg2 a6 4. Nf3 dxc4 5. Na3 b5 6. Ne5 c6 7. Nxc6 Qb6 8. Nxb8 Rxb8 9. O-O Bb7 10. b3 Bxg2 11. Kxg2 cxb3 12. axb3 Nf6 13. Bb2 Be7 14.
d3 O-O 15. Nc2 Rfc8 16. Qd2 Qc6+ 17. f3 Qxc2 0-1

[Event "*** Titled Tuesday Blitz"]
[Site "Chess.com"]
[Date "2020.04.21"]
[Round "2"]
[White "Arek_pacitan"]
[Black "AvitalBor"]
[Result "0-1"]
[WhiteElo "2554"]
[BlackElo "2806"]
[TimeControl "180+1"]
[EndTime "10:14:15 PDT"]
[Termination "AvitalBor won by resignation"]

1. d4 e6 2. Nf3 c5 3. c3 d5 4. Bf4 Ne7 5. e3 Ng6 6. Bg3 Nc6 7. Nbd2 h5 8. h3 h4 9. Bh2 Bd6 10. Bxd6 Qxd6 11. Bd3 Bd7 12. Bxg6 fxg6 13. Qb3 O-O-O 14. O-O-O Kb8 15. Kb1 e5 16. dxe5 Nxe5 17. Ka1 Nd3 18. Rdf1 Bf5 19. c4 dxc4 20. Nxc4 Qa6 21. Nfd2 Nb4 22.
e4 Rd3 0-1

[Event "*** Titled Tuesday Blitz"]
[Site "Chess.com"]
[Date "2020.04.21"]
[Round "2"]
[White "mrsavic77"]
[Black "tsvet2005"]
[Result "1-0"]
[WhiteElo "2751"]
[BlackElo "2514"]
[TimeControl "180+1"]
[EndTime "10:14:15 PDT"]
[Termination "mrsavic77 won by resignation"]

1. e4 c5 2. c3 d5 3. exd5 Qxd5 4.
Nf3 Nf6 5. Na3 Nc6 6. Be2 Bg4 7. Qa4 Qd7 8. h3 Bh5 9. Nc4 Rd8 10. O-O e6 11. Na5 Bd6 12. Nxc6 bxc6 13. Re1 O-O 14. d3 Nd5 15. Ne5 Bxe5 16. Bxh5 Bf4 17. Bxf4 Nxf4 18.
Qxf4 Qxd3 19. Rad1 1-0

[Event "*** Titled Tuesday Blitz"]
[Site "Chess.com"]
[Date "2020.04.21"]
[Round "2"]
[White "Bajecny"]
[Black "Toro1234"]
[Result "1-0"]
[WhiteElo "2371"]
[BlackElo "2638"]
[TimeControl "180+1"]
[EndTime "10:14:24 PDT"]
[Termination "Bajecny won by resignation"]

1. d4 d5 2. c4 e6 3. Nf3 c6 4. Nc3 dxc4 5. e4 b5 6. Be2 Bb7 7. O-O Nd7 8. Bg5 Be7 9. Bxe7 Nxe7 10. e5 O-O 11. Ne4 Nd5 12. b3 cxb3 13. Qxb3 h6 14. Rac1 Qb6 15. Nc5 Nxc5 16. Rxc5 a5 17. a4 b4 18.
Rfc1 Rfc8 19. Nd2 Ba6 20. Bxa6 Qxa6 21. Nc4 Nc3 22. Rc2 Rd8 23. Rxa5 Rxd4 24. Rxc3 Qxa5 25. Nxa5 bxc3 26. Nxc6 Rdxa4 27. g3 Ra3 28. Qc2 Kf8 29. Nd4 Rc8 30. Nb5 Ra2 31. Qxa2 c2 32. Qa3+ Kg8 33.
Qc1 Rb8 34. Na3 1-0

[Event "*** Titled Tuesday Blitz"]
[Site "Chess.com"]
[Date "2020.04.21"]
[Round "2"]
[White "Echecmat"]
[Black "NTBT_DHS"]
[Result "0-1"]
[WhiteElo "2149"]
[BlackElo "2626"]
[TimeControl "180+1"]
[EndTime "10:14:31 PDT"]
[Termination "NTBT_DHS won by resignation"]

1. e4 g6 2. d4 Bg7 3. Nc3 d6 4. Be3 Nd7 5. f3 a6 6. h4 Ngf6 7. Qd2 b5 8. Nh3 c5 9. O-O-O c4 10. Nf4 Bb7 11. h5 Rc8 12. hxg6 hxg6 13. Rxh8+ Bxh8 14. Ncd5 Nxd5 15. exd5 Nb6 16. Be2 Nxd5 17. Nxd5 Bxd5 18. Rh1 Bf6 19. Bg5 Kd7 20. c3 e6 21. Bxf6 Qxf6 22. Rh4 Qxh4 0-1

[Event "*** Titled Tuesday Blitz"]
[Site "Chess.com"]
[Date "2020.04.21"]
[Round "2"]
[White "Kildepiotr"]
[Black "Justinz"]
[Result "1-0"]
[WhiteElo "2537"]
[BlackElo "2281"]
[TimeControl "180+1"]
[EndTime "10:14:31 PDT"]
[Termination "Kildepiotr won by resignation"]

1. Nf3 Nf6 2. g3 e6 3. Bg2 d5 4. O-O Be7 5. d3 c5 6. Nbd2 Nc6 7. e4 b6 8. Qe2 Bb7 9. c3 Qc7 10. Re1 O-O-O 11. a3 h5 12. b4 Rdg8 13. Ng5 Rf8 14. Nb3 h4 15. bxc5 bxc5 16. Bf4 Qd8 17. Rab1 hxg3 18.
hxg3 Nh5 19. exd5 exd5 20. Qg4+ f5 21. Qf3 Bxg5 22. Bxg5 Qxg5 23. Nxc5 Ba8 24. Qxd5 1-0

[Event "*** Titled Tuesday Blitz"]
[Site "Chess.com"]
[Date "2020.04.21"]
[Round "2"]
[White "ama18"]
[Black "ALEXJR20"]
[Result "1-0"]
[WhiteElo "2470"]
[BlackElo "2248"]
[TimeControl "180+1"]
[EndTime "10:14:35 PDT"]
[Termination "ama18 won by resignation"]

1. e4 Nc6 2. Nf3 d5 3. exd5 Qxd5 4. Nc3 Qh5 5. d4 Bg4 6. Be2 Nf6 7. h3 O-O-O 8. O-O e6 9. hxg4 Nxg4 10. Bf4 Bd6 11. Bxd6 Rxd6 12. Ne4 Rxd4 13. Ng3 Rxd1 14. Nxh5 Rxa1 15.
Rxa1 g6 16. Ng3 Rd8 17. Rd1 Rxd1+ 18. Bxd1 Nf6 19. Ng5 Nb4 20. a3 Na6 21. Nxf7 Nc5 22. Ng5 h6 23. Nf3 Na4 24. b3 Nc3 25. Be2 h5 26. Bd3 g5 27. Nxg5 1-0

[Event "*** Titled Tuesday Blitz"]
[Site "Chess.com"]
[Date "2020.04.21"]
[Round "2"]
[White "northridgehawk"]
[Black "MathiasWomacka"]
[Result "0-1"]
[WhiteElo "2225"]
[BlackElo "2455"]
[TimeControl "180+1"]
[EndTime "10:14:35 PDT"]
[Termination "MathiasWomacka won by resignation"]

1. e4 c5 2. Nf3 d6 3. d4 cxd4 4. Nxd4 Nf6 5. Nc3 a6 6. h3 e6 7. g4 b5 8. Bg2 Bb7 9. O-O Nfd7 10. Be3 Nc6 11. Nce2 Be7 12. f4 Rc8 13. c3 Nb6 14.
Bf2 Nc4 15. Rb1 O-O 16. Ng3 Bh4 17.
Qd3 e5 18. Ndf5 exf4 19. Nh5 Bxf2+ 20. Rxf2 g6 21. Nh6+ Kh8 22. Nxf4 Qg5 23. b3 N4e5 24.
Qd5 Qxh6 25. Qxd6 Qg5 26. Nd5 Rfd8 27. Qc5 Nd3 28. Qb6 Nxf2 29. Kxf2 0-1

[Event "*** Titled Tuesday Blitz"]
[Site "Chess.com"]
[Date "2020.04.21"]
[Round "2"]
[White "Azatic"]
[Black "Kumi29"]
[Result "1-0"]
[WhiteElo "2662"]
[BlackElo "2405"]
[TimeControl "180+1"]
[EndTime "10:14:46 PDT"]
[Termination "Azatic won by resignation"]

1. e4 e6 2. Qe2 c5 3. Nf3 Nc6 4. g3 g6 5. Bg2 Bg7 6. c3 Nge7 7. d3 O-O 8. h4 f5 9. h5 fxe4 10. dxe4 d5 11. hxg6 Nxg6 12. Bg5 Qb6 13. Na3 d4 14. Nc4 Qc7 15. Rc1 b5 16. Ncd2 dxc3 17. bxc3 Bb7 18. O-O Nce5 19. Nxe5 Qxe5 20. f4 Qc7 21. f5 exf5 22.
exf5 Bxg2 23. Qxg2 Ne5 24. f6 Qd8 25. fxg7 Rxf1+ 26. Rxf1 Qxg5 27. Qxa8+ 1-0

[Event "*** Titled Tuesday Blitz"]
[Site "Chess.com"]
[Date "2020.04.21"]
[Round "2"]
[White "Dr-Bassem"]
[Black "czasnaszachy"]
[Result "1-0"]
[WhiteElo "2789"]
[BlackElo "2350"]
[TimeControl "180+1"]
[EndTime "10:14:52 PDT"]
[Termination "Dr-Bassem won by resignation"]

1. e4 c5 2. Nf3 d6 3. g3 Nc6 4. Bg2 Nf6 5. O-O g6 6. Re1 Bg7 7. c3 O-O 8. h3 e5 9. d3 Nh5 10.
a3 a5 11. a4 Qe8 12. Na3 f5 13. exf5 gxf5 14. Nb5 Qg6 15. Nh4 Qf7 16. Nxd6 Qd7 17. Bd5+ Kh8 18. Nxc8 Raxc8 19. Bxc6 Rxc6 20. Qxh5 Rh6 1-0

[Event "*** Titled Tuesday Blitz"]
[Site "Chess.com"]
[Date "2020.04.21"]
[Round "2"]
[White "KarpovVadim"]
[Black "NTDVAN12"]
[Result "0-1"]
[WhiteElo "2305"]
[BlackElo "2605"]
[TimeControl "180+1"]
[EndTime "10:14:55 PDT"]
[Termination "NTDVAN12 won by resignation"]

1. Nf3 d5 2. d4 Nf6 3. c4 e6 4. Nc3 Bb4 5. e3 O-O 6. Bd2 b6 7. cxd5 exd5 8. Bd3 Re8 9. O-O Bb7 10. a3 Bd6 11. b4 a6 12. Qb3 Nbd7 13. Rfc1 Qe7 14. Be1 b5 15. a4 c6 16. Ne2 Nb6 17.
Ng3 g6 18. axb5 axb5 19. Qd1 Bxb4 20. Ne5 Bd6 21. Rxa8 Rxa8 22. Nxc6 Bxc6 23. Rxc6 Nc4 24. Bxc4 dxc4 25. d5 Qe5 26. Qe2 Qxd5 27. Rb6 Ra1 0-1

[Event "*** Titled Tuesday Blitz"]
[Site "Chess.com"]
[Date "2020.04.21"]
[Round "2"]
[White "fugadelafuga"]
[Black "BlackWidow515"]
[Result "1-0"]
[WhiteElo "2390"]
[BlackElo "2065"]
[TimeControl "180+1"]
[EndTime "10:14:55 PDT"]
[Termination "fugadelafuga won by checkmate"]

1. e4 e5 2. Nf3 Nc6 3. d4 exd4 4. Bc4 Nf6 5. O-O Nxe4 6. Re1 d5 7. Bxd5 Qxd5 8. Nc3 Qa5 9. Nxe4 Be6 10. Neg5 O-O-O 11.
Nxe6 fxe6 12. Rxe6 Bd6 13. Qe2 Kd7 14. Bd2 Qf5 15. Re1 Kc8 16. Re4 h6 17. b4 Bxb4 18.
Bxb4 Nxb4 19. Nxd4 Rxd4 20. Rxd4 Nxc2 21. Qe8+ Rxe8 22.
Rxe8# 1-0

[Event "*** Titled Tuesday Blitz"]
[Site "Chess.com"]
[Date "2020.04.21"]
[Round "2"]
[White "Alexchess1984"]
[Black "swimmerchess"]
[Result "0-1"]
[WhiteElo "2566"]
[BlackElo "2827"]
[TimeControl "180+1"]
[EndTime "10:14:58 PDT"]
[Termination "swimmerchess won by resignation"]

1. e4 c5 2. c3 Nf6 3. e5 Nd5 4. Bc4 e6 5. d4 cxd4 6. cxd4 d6 7.
Qe2 Nc6 8. Nf3 Be7 9. O-O O-O 10. Re1 Bd7 11. exd6 Bxd6 12. Nc3 Nce7 13. Ne5 Rc8 14.
Bd3 Nxc3 15. bxc3 Rxc3 16. Bd2 Rc7 17. Rad1 Bc6 18. Bc1 Bd5 19. Qh5 g6 20. Qh6 Nf5 21. Bxf5 exf5 22. Bg5 f6 23. Bh4 g5 24. Rd3 gxh4 25.
Qxh4 fxe5 26. Rg3+ Rg7 27. Rxg7+ Kxg7 28. Qg3+ Kh8 29.
dxe5 Bc7 30. Qc3 Be6 0-1

[Event "*** Titled Tuesday Blitz"]
[Site "Chess.com"]
[Date "2020.04.21"]
[Round "2"]
[White "RoelandPruijssers"]
[Black "Oleksandr_Bortnyk"]
[Result "0-1"]
[WhiteElo "2610"]
[BlackElo "3028"]
[TimeControl "180+1"]
[EndTime "10:15:01 PDT"]
[Termination "Oleksandr_Bortnyk won by resignation"]

1. e4 Nf6 2. e5 Nd5 3. c4 Nb6 4. d4 d6 5. exd6 exd6 6. Nc3 Be7 7. Be3 O-O 8. Be2 Nc6 9. d5 Ne5 10. b3 Bf6 11. Rc1 Re8 12. h3 Bg5 13. f4 Bh6 14. Bxb6 axb6 15. fxe5 Qh4+ 16. Kf1 Qf4+ 17. Nf3 Qxc1 18. Qxc1 Bxc1 19. Kf2 Ba3 20. Nb5 Bc5+ 21. Kg3 Rxa2 22. Bd3 dxe5 23. Nxc7 Re7 24. Nb5 e4 25. d6 Re6 26. Bxe4 Rxe4 27. Nc3 Bxd6+ 28. Ne5 Bxe5+ 0-1

[Event "*** Titled Tuesday Blitz"]
[Site "Chess.com"]
[Date "2020.04.21"]
[Round "2"]
[White "dimke2802"]
[Black "PredragNikac"]
[Result "0-1"]
[WhiteElo "2455"]
[BlackElo "2268"]
[TimeControl "180+1"]
[EndTime "10:15:01 PDT"]
[Termination "PredragNikac won by resignation"]

1. d4 c5 2. d5 e6 3. c4 Bd6 4.
Nf3 Bc7 5. d6 Ba5+ 6. Nc3 f5 7.
g3 Nf6 8. Bg2 Ne4 9. O-O Nxc3 10. bxc3 Bxc3 11. Rb1 Nc6 12. Bg5 Bf6 13. Qd2 O-O 14.
Rfe1 b6 15. Bxf6 Qxf6 16. e4 fxe4 17. Rxe4 Bb7 18. Rh4 Qg6 19. Re1 Rf5 20. h3 Raf8 21. Ree4 Rxf3 22. Bxf3 Rxf3 23. Rhg4 Qf6 24. Ref4 Qa1+ 25.
Kh2 Ne5 0-1

[Event "*** Titled Tuesday Blitz"]
[Site "Chess.com"]
[Date "2020.04.21"]
[Round "2"]
[White "cassoulet"]
[Black "plumalka"]
[Result "0-1"]
[WhiteElo "2646"]
[BlackElo "2418"]
[TimeControl "180+1"]
[EndTime "10:15:04 PDT"]
[Termination "plumalka won by resignation"]

1. e4 c5 2. Nf3 d6 3. d4 cxd4 4. Nxd4 Nf6 5. Nc3 Bd7 6. g3 Nc6 7. Bg2 g6 8. O-O Bg7 9. Nxc6 Bxc6 10. Bg5 O-O 11. Qd2 Re8 12. Rfe1 Qa5 13. Rad1 Rac8 14. Bxf6 Bxf6 15. Nd5 Qxd2 16. Nxf6+ exf6 17. Rxd2 d5 18. f3 dxe4 19. fxe4 Re5 20. Rf1 Kg7 21. Rdf2 Bxe4 22. Rxf6 Bf5 23. Rd6 Rxc2 24. Rf2 Re1+ 25. Rf1 Ree2 26.
Bxb7 Rxb2 27. Bf3 Rxh2 28. Ra6 Rxa2 29. Rxa2 Rxa2 30. Rc1 Be6 31. Rc7 a5 32. Ra7 a4 33.
Bc6 a3 34. Be8 Ra1+ 35. Kh2 a2 36. g4 Rb1 0-1

[Event "*** Titled Tuesday Blitz"]
[Site "Chess.com"]
[Date "2020.04.21"]
[Round "2"]
[White "matiss90"]
[Black "Zoffy13"]
[Result "1-0"]
[WhiteElo "2498"]
[BlackElo "2247"]
[TimeControl "180+1"]
[EndTime "10:15:04 PDT"]
[Termination "matiss90 won on time"]

1. e4 c5 2. Nf3 d6 3. d4 cxd4 4. Nxd4 Nf6 5. Nc3 a6 6. Bc4 e6 7. Bb3 b5 8. O-O Be7 9. a3 O-O 10. f4 Qc7 11. Kh1 Nc6 12. Be3 Re8 13. f5 e5 14. Nxc6 Qxc6 15. Nd5 Bb7 16. Bg5 Nxd5 17. Bxd5 Qc7 18. f6 Bxd5 19. Qxd5 g6 20. fxe7 1-0

[Event "*** Titled Tuesday Blitz"]
[Site "Chess.com"]
[Date "2020.04.21"]
[Round "2"]
[White "KinKaiser"]
[Black "Ovsiannikov_Maxim"]
[Result "1-0"]
[WhiteElo "2445"]
[BlackElo "2202"]
[TimeControl "180+1"]
[EndTime "10:15:04 PDT"]
[Termination "KinKaiser won by resignation"]

1. d4 d5 2. Nf3 Nc6 3. Bf4 Bf5 4.
e3 Nb4 5. Na3 Nf6 6. h3 c6 7. Be2 e6 8. O-O Bd6 9. Bxd6 Qxd6 10.
c3 Na6 11. Ne5 Nb8 12. Nc2 Nbd7 13. Nxd7 Qxd7 14. Ne1 O-O 15. Nf3 Qc7 16. Ne5 Nd7 17. Nf3 Rae8 18. c4 dxc4 19. Bxc4 Nb6 20. Bb3 Be4 21.
Ne5 Bd5 22. Bc2 h6 23. b3 Nd7 24. Nxd7 Qxd7 25. e4 Re7 26. exd5 exd5 27. Qd3 g6 28. Rae1 Rfe8 29. Re3 Rxe3 30. fxe3 Re7 31. Qe2 Qe6 32. Re1 b5 33. Qf3 f5 34. Kh1 a5 35.
g4 fxg4 36. Qxg4 Qxg4 37. hxg4 Kg7 38. Kg2 Rxe3 39. Rxe3 1-0

[Event "*** Titled Tuesday Blitz"]
[Site "Chess.com"]
[Date "2020.04.21"]
[Round "2"]
[White "Gyapiking"]
[Black "Arjun2002"]
[Result "0-1"]
[WhiteElo "2337"]
[BlackElo "2654"]
[TimeControl "180+1"]
[EndTime "10:15:09 PDT"]
[Termination "Arjun2002 won by checkmate"]

1. c4 c6 2. Nf3 d5 3. e3 Nf6 4.
Nc3 e6 5. b3 Bd6 6. Bb2 O-O 7.
Be2 b6 8. Qc2 Bb7 9. g4 Nxg4 10. Rg1 Nf6 11. Ng5 Nbd7 12. O-O-O b5 13. Kb1 bxc4 14. bxc4 Rb8 15. Ka1 Ba6 16. cxd5 Bxe2 17.
Nxe2 cxd5 18. Nxh7 Be5 19. Nxf6+ Qxf6 20. Nd4 Rfc8 21.
Qd3 Nc5 22. Qa3 Rxb2 23. Qxb2 Nd3 24. Qb7 Bxd4+ 25. exd4 Qxd4+ 26. Kb1 Rc6 27. Qxc6 Qb2# 0-1

[Event "*** Titled Tuesday Blitz"]
[Site "Chess.com"]
[Date "2020.04.21"]
[Round "2"]
[White "tvjosue"]
[Black "Leo_C"]
[Result "1-0"]
[WhiteElo "2517"]
[BlackElo "2276"]
[TimeControl "180+1"]
[EndTime "10:15:09 PDT"]
[Termination "tvjosue won by resignation"]

1. d4 d5 2. Bf4 c5 3. e3 Nc6 4. c3 Nf6 5. Nd2 cxd4 6. exd4 Bg4 7. Qb3 Qc8 8. Bd3 e6 9. Ngf3 Be7 10. O-O O-O 11. Rfe1 a6 12. a4 Na5 13. Qc2 Bh5 14.
Ne5 Nc6 15. Ndf3 Bxf3 16. Nxf3 h6 17. Rad1 Qd7 18. Qe2 Bd6 19. Ne5 Qc7 20. Bg3 Nd7 21. f4 Rae8 22. Bb1 f5 23. Bc2 Ndxe5 24. fxe5 Be7 25.
Qh5 Nxd4 26. Rxd4 Bc5 27. Bf2 Bxd4 28. Bxd4 Rc8 29. Qg6 Rfe8 30. g4 Qf7 31. Qxf7+ Kxf7 32. gxf5 1-0

[Event "*** Titled Tuesday Blitz"]
[Site "Chess.com"]
[Date "2020.04.21"]
[Round "2"]
[White "Saxar85"]
[Black "MITerryble"]
[Result "0-1"]
[WhiteElo "2582"]
[BlackElo "2860"]
[TimeControl "180+1"]
[EndTime "10:15:10 PDT"]
[Termination "MITerryble won by resignation"]

1. Nf3 Nf6 2. g3 d5 3. Bg2 c6 4. O-O Bg4 5. d3 Nbd7 6. Nbd2 e5 7. e4 dxe4 8. dxe4 Be7 9. h3 Bh5 10. Qe2 O-O 11. b3 Re8 12. Bb2 Qc7 13. Nc4 b5 14.
Ncd2 Bf8 15. a4 a6 16. g4 Bg6 17. Nh4 Nc5 18. axb5 axb5 19. Rxa8 Rxa8 20. f4 exf4 21. e5 Nd5 22. Nxg6 hxg6 23. Bxd5 cxd5 24. Qxb5 Ne6 25.
Qd3 Ra2 26. Rb1 f3 27. Qxd5 Qxc2 0-1